[Event "ROU-ch Women 2019"]
[Site "Olanesti"]
[Date "2019.03.08"]
[Round "7.20"]
[White "Panainte, Andreea-Bianca"]
[Black "Cosman, Andreea-Marioara"]
[Result "0-1"]
[ECO "B22"]
[WhiteElo "1891"]
[BlackElo "2191"]
[Annotator "NA"]
[PlyCount "58"]
[EventDate "2019.03.02"]
[EventType "swiss"]
[EventCountry "ROU"]
[SourceTitle "playchess.com"]
[Source "ChessBase"]
[SourceQuality "1"]
[TimeControl "40/5400+30:1800+30"]

1. e4 c5 2. c3 d6 3. d4 Nf6 4. Bd3 g6 5. Ne2 Bg7 6. O-O O-O 7. h3 {[%emt 0:04:53] B07: Pirc Defence: Miscellaneous Systems} e5 (7... Nc6 8. Be3 cxd4 9. cxd4 Nb4 10. Nbc3 Nxd3 11. Qxd3 b6 12. d5 e5 13. dxe6 fxe6 14. Rfd1 Bb7 15. Qxd6 Qxd6 16. Rxd6 Nxe4 17. Rxe6 Nxc3 18. Nxc3 {½-½ (52) Nepomniachtchi,I (2632)-Smirin,I (2650) Netanya 2009}) 8. Be3 b6 9. Nd2 Bb7 $146 ({Predecessor:} 9... Ba6 10. Bxa6 Nxa6 11. Ng3 Qe7 12. d5 Nc7 13. Bg5 h6 14. Bh4 Qd7 15. Bxf6 Bxf6 {1-0 (26) Petrovic,Z (2057)-Petrovic,S (1753) Belgrade 2017}) 10. f3 exd4 11. cxd4 Re8 12. a3 Nc6 13. Bf2 a6 14. Bc2 Qe7 ({Black should play} 14... cxd4 $15 15. Nxd4 d5) 15. Nc4 b5 16. Nb6 Rad8 17. Qe1 $2 (17. d5 $1 $11 {and White stays safe.} Ne5 18. a4) 17... Qc7 18. dxc5 dxc5 19. Bxc5 Nb8 20. Qf2 $2 (20. b4 $17 Nfd7 21. Nxd7 Nxd7 22. Rc1) 20... Nfd7 21. Be3 Qxc2 22. Rac1 Qxb2 23. Rc7 Nxb6 24. Bxb6 Rd2 25. Rxb7 Rxe2 26. Qg3 Be5 27. f4 Bd4+ 28. Kh1 Qc3 $19 29. Qg5 Re1 0-1

[Event "ROU-ch Women 2019"]
[Site "Olanesti"]
[Date "2019.03.09"]
[Round "8.16"]
[White "Aciu, Malina-Andreea"]
[Black "Sgircea, Silvia-Raluca"]
[Result "1-0"]
[ECO "B24"]
[WhiteElo "1980"]
[BlackElo "2252"]
[Annotator "NA"]
[PlyCount "77"]
[EventDate "2019.03.02"]
[EventType "swiss"]
[EventCountry "ROU"]
[SourceTitle "playchess.com"]
[Source "ChessBase"]
[SourceQuality "1"]
[TimeControl "40/5400+30:1800+30"]

1. e4 c5 2. Nc3 Nc6 3. Bb5 Nd4 4. Bc4 e6 5. Nge2 Ne7 6. O-O Nec6 7. d3 Be7 8. Be3 O-O 9. f4 d6 10. a4 a6 11. Bf2 Rb8 12. Nxd4 Nxd4 13. Ne2 d5 14. Ba2 Nc6 15. Ng3 dxe4 16. Nxe4 b6 17. c3 Rb7 18. Qf3 Rd7 19. Rad1 Bb7 20. Qe2 Na5 21. d4 c4 22. Ng3 Bd5 23. f5 Qa8 24. Be1 Qc6 25. Bb1 exf5 26. Nxf5 Qe6 27. Qg4 g6 28. Bh4 Bxh4 29. Qxh4 h5 30. Rde1 Qc6 31. Ne7+ Rxe7 32. Qxe7 Bxg2 33. Rf6 Qb7 34. Bxg6 Qxe7 35. Rxe7 Bd5 36. Bxh5 Nc6 37. Bxf7+ Kg7 38. Bxd5+ Kxf6 39. Re6+ 1-0

[Event "ROU-ch Women 2019"]
[Site "Olanesti"]
[Date "2019.03.09"]
[Round "8.17"]
[White "Lehaci, Miruna-Daria"]
[Black "Dragomirescu, Angela"]
[Result "1/2-1/2"]
[ECO "B08"]
[WhiteElo "2052"]
[BlackElo "2260"]
[Annotator "NA"]
[PlyCount "135"]
[EventDate "2019.03.02"]
[EventType "swiss"]
[EventCountry "ROU"]
[SourceTitle "playchess.com"]
[Source "ChessBase"]
[SourceQuality "1"]
[TimeControl "40/5400+30:1800+30"]

1. e4 g6 2. d4 Bg7 3. Nf3 d6 4. Nc3 Nf6 5. Be2 O-O 6. O-O c6 7. a4 Qc7 8. a5 Nbd7 9. Be3 e5 10. dxe5 dxe5 11. h3 Rd8 12. Qc1 {[%emt 0:00:28] B08: Pirc Defence: Classical System} Nf8 13. Rd1 Rxd1+ 14. Qxd1 Ne6 15. Qd2 Bf8 16. Ra4 $146 ({Predecessor:} 16. Bc4 Bb4 17. Bxe6 Bxe6 18. Nb5 Qe7 19. c3 Nxe4 {0-1 (31) Diamant,A (2395)-Leitao,R (2601) Rio de Janeiro 2007}) 16... Nh5 17. Bc4 Qd6 18. Qxd6 Bxd6 19. Ra1 Nf6 20. Ng5 Nxg5 21. Bxg5 Kg7 22. Be3 Kf8 23. f3 Ne8 24. Na4 Ke7 25. c3 Nc7 26. Rd1 Ne6 27. Bf2 f6 28. b4 Bd7 29. Bb3 Nf4 30. Kh2 h5 31. Nb2 Ne6 32. Nc4 Bc7 33. Be3 Be8 34. Nb2 b6 35. Nc4 b5 36. Nb2 a6 37. Nd3 Bf7 38. Nc5 Bd6 39. Nb7 Bc7 40. Nc5 Bd6 41. Nb7 Bc7 42. h4 f5 43. Nc5 f4 44. Rd7+ Ke8 45. Bf2 Nxc5 46. Rxf7 Nxb3 47. Rxc7 Rd8 48. g3 $2 (48. Rxc6 $18 Nd2 49. Bg1 (49. Rxa6 Nf1+ 50. Kh3 Rd1 $16)) 48... Rd2 49. Kg1 Nc1 50. gxf4 Ne2+ 51. Kf1 Nxf4 52. Be3 Rd3 {[%emt 0:00:50] [#]} 53. Bxf4 $1 Rxf3+ 54. Kg2 Rxf4 55. Rxc6 {[%emt 0:00:14] Double Attack} Rxe4 (55... Rxh4 $16 56. Rxa6 (56. Rxg6 Rxe4 57. Rxa6 Re2+ 58. Kf1 Re3 $16) 56... Rxe4) 56. Rxa6 Rc4 57. Rxg6 Rxc3 58. Re6+ Kd7 59. Rxe5 Kc6 60. Rxh5 Rc4 61. Rc5+ $2 (61. Rh6+ $18 Kd5 62. Rh8) 61... Rxc5 62. bxc5 b4 63. h5 b3 64. h6 b2 65. h7 b1=Q 66. h8=Q Qc2+ 67. Kf3 Qd3+ 68. Kg2 $11 1/2-1/2

[Event "ROU-ch Women 2019"]
[Site "Olanesti"]
[Date "2019.03.09"]
[Round "8.18"]
[White "Peptan, Corina-Isabela"]
[Black "Obada, Ema"]
[Result "1-0"]
[ECO "A20"]
[WhiteElo "2374"]
[BlackElo "1846"]
[Annotator "NA"]
[PlyCount "117"]
[EventDate "2019.03.02"]
[EventType "swiss"]
[EventCountry "ROU"]
[SourceTitle "playchess.com"]
[Source "ChessBase"]
[SourceQuality "1"]
[TimeControl "40/5400+30:1800+30"]

1. c4 e5 2. e3 Nc6 3. Nc3 Nf6 4. Qc2 g6 5. a3 Bg7 6. b4 O-O 7. Bb2 d6 8. d3 Ne8 9. h4 h6 10. g3 f5 11. Bg2 Ne7 12. Nge2 c6 13. Rd1 Be6 14. O-O Nc7 15. Nb1 d5 16. f4 exf4 17. Bxg7 Kxg7 18. Qc3+ Kh7 19. exf4 Ng8 20. Nd4 Nf6 21. Rfe1 Qd7 22. c5 Rae8 23. Nd2 Bg8 24. N2f3 Ng4 25. Qd2 Ne6 26. Nxe6 Rxe6 27. Rxe6 Bxe6 28. Re1 d4 29. Qb2 Rd8 30. Bh3 Kg7 31. Qe2 Bf7 32. Bxg4 fxg4 33. Ne5 Qf5 34. Qxg4 h5 35. Qxf5 gxf5 36. Nf3 Kf6 37. Re2 Rd5 38. Rb2 a6 39. Kf2 Rd8 40. Nd2 Re8 41. Nf3 Rd8 42. Re2 Rd5 43. Re5 Rd8 44. Ke2 Bb3 45. Kd2 Ba2 46. Kc2 Bf7 47. Kb2 Bg8 48. a4 Bf7 49. Ka3 Bg8 50. b5 axb5 51. axb5 cxb5 52. Kb4 Bf7 53. Kxb5 Be8+ 54. Kb6 Bc6 55. Ng5 Ra8 56. Re6+ Kg7 57. Rd6 Ra2 58. Ne6+ Kf7 59. Nxd4 1-0

[Event "ROU-ch Women 2019"]
[Site "Olanesti"]
[Date "2019.03.09"]
[Round "8.19"]
[White "Cosman, Andreea-Marioara"]
[Black "Cosma, Elena-Luminita"]
[Result "1/2-1/2"]
[ECO "D45"]
[WhiteElo "2191"]
[BlackElo "2324"]
[Annotator "NA"]
[PlyCount "86"]
[EventDate "2019.03.02"]
[EventType "swiss"]
[EventCountry "ROU"]
[SourceTitle "playchess.com"]
[Source "ChessBase"]
[SourceQuality "1"]
[TimeControl "40/5400+30:1800+30"]

1. d4 d5 2. c4 e6 3. Nc3 c6 4. Nf3 Nf6 5. e3 Nbd7 6. Qc2 Bd6 7. b3 O-O 8. Be2 e5 9. cxd5 Nxd5 10. Nxd5 cxd5 11. dxe5 Nxe5 12. Bb2 Bb4+ 13. Kf1 Nxf3 14. Bxf3 Be6 15. h4 Qa5 16. g3 Rac8 17. Qd1 Bc3 18. Bxc3 Rxc3 19. Kg2 Rfc8 20. Qd4 Rc2 21. Rhd1 Rxa2 22. Rxa2 Qxa2 23. Bxd5 Rd8 24. Qc5 Bxd5+ 25. Rxd5 Rf8 26. Qc4 h6 27. Rd7 b6 28. Qa4 Qxa4 29. bxa4 a5 30. Rb7 Rc8 31. Rxb6 Rc4 32. Rb8+ Kh7 33. h5 g6 34. Rb7 Kg7 35. hxg6 Kxg6 36. f4 Rxa4 37. Ra7 Ra1 38. Kf3 a4 39. Ra6+ Kg7 40. Kg4 a3 41. Kf5 a2 42. g4 Re1 43. Rxa2 Rxe3 {Ke4} 1/2-1/2

[Event "ROU-ch Women 2019"]
[Site "Olanesti"]
[Date "2019.03.09"]
[Round "8.20"]
[White "Sandu, Mihaela"]
[Black "Morea, Georgiana-Steluta"]
[Result "1-0"]
[ECO "B43"]
[WhiteElo "2294"]
[BlackElo "1885"]
[Annotator "NA"]
[PlyCount "109"]
[EventDate "2019.03.02"]
[EventType "swiss"]
[EventCountry "ROU"]
[SourceTitle "playchess.com"]
[Source "ChessBase"]
[SourceQuality "1"]
[TimeControl "40/5400+30:1800+30"]

1. e4 c5 2. Nf3 e6 3. d4 cxd4 4. Nxd4 a6 5. Nc3 Qc7 6. Bd3 Nf6 7. Qe2 d6 8. a4 Nbd7 9. O-O b6 10. Bd2 Bb7 11. f4 Nc5 12. b4 Nxd3 13. cxd3 Be7 14. Kh1 O-O 15. Rfc1 Qd7 16. Be3 Rfc8 17. Rab1 Rc7 18. b5 d5 19. e5 Ne8 20. bxa6 Rxa6 21. Ndb5 Rc6 22. Qd1 Ba8 23. Qb3 f5 24. Nd4 Rc5 25. h3 Kf7 26. Ndb5 Rc6 27. Kh2 h6 28. Nd4 Rc5 29. Ndb5 Rc6 30. Ne2 Bc5 31. Ned4 Rc8 32. Qd1 g6 33. Bg1 Bc6 34. Kh1 Bb7 35. Qb3 Raa8 36. Rc2 g5 37. Rf1 Kg6 38. Re2 Ng7 39. Kh2 Bc6 40. Rc2 Bb7 41. Re2 Rf8 42. g3 Kh7 43. Ra2 Rg8 44. Nd6 gxf4 45. gxf4 Bxd6 46. exd6 Qxd6 47. Nb5 Qb8 48. Bd4 Nh5 49. Rc2 Ba6 50. Rc7+ Ng7 51. Rg1 Ra7 52. Be5 Rxc7 53. Nxc7 Qa7 54. Qb4 b5 55. d4 1-0

[Event "ROU-ch Women 2019"]
[Site "Olanesti"]
[Date "2019.03.10"]
[Round "9.16"]
[White "Lehaci, Miruna-Daria"]
[Black "Aciu, Malina-Andreea"]
[Result "1-0"]
[ECO "B90"]
[WhiteElo "2052"]
[BlackElo "1980"]
[Annotator "NA"]
[PlyCount "85"]
[EventDate "2019.03.02"]
[EventType "swiss"]
[EventCountry "ROU"]
[SourceTitle "playchess.com"]
[Source "ChessBase"]
[SourceQuality "1"]
[TimeControl "40/5400+30:1800+30"]

1. e4 c5 2. Nf3 d6 3. d4 cxd4 4. Nxd4 Nf6 5. Nc3 a6 6. Be3 Ng4 7. Bg5 h6 8. Bh4 g5 9. Bg3 Bg7 10. Be2 h5 11. Bxg4 Bxg4 12. f3 Bd7 13. O-O Nc6 {[%emt 0:05:47] LiveBook: 3 Games} 14. Bf2 Ne5 15. Nf5 ({White should try} 15. Nd5 $14) 15... Bxf5 16. exf5 $11 e6 17. Ne4 d5 18. f6 Bh6 19. Nc3 O-O 20. Bd4 Nd7 21. f4 g4 22. Qe1 Nxf6 23. Qe5 Bg7 24. Rad1 Rc8 25. Qg5 Kh7 26. Bxf6 Qxf6 27. Qxh5+ Qh6 28. Qxg4 Bxc3 29. bxc3 Rxc3 30. Rd3 Rxd3 31. cxd3 Rg8 32. Qe2 Qf6 33. f5 exf5 34. Qh5+ Kg7 35. Rxf5 Qd4+ 36. Rf2 f6 37. g3 Rf8 38. Qf5 b5 39. h4 Rh8 40. h5 Rh6 41. Kg2 Qc5 42. Qd7+ Kg8 43. Re2 1-0